 Dungeon Crawl Stone Soup version 0.25-a0-253-g6f1b5d974a (webtiles) character file.

Game seed: 3317933215798692327, levelgen mode: classic

435 Borgoz the Covered (level 7, -16/44 HPs)
             Began as a Gargoyle Fighter on Dec 5, 2019.
             Was a Follower of Okawaru.
             Demolished by Crazy Yiuf
             ... wielding a +4 quarterstaff of chaos
              (23 damage)
             ... on level 2 of the Dungeon.
             The game lasted 00:03:38 (2139 turns).

Borgoz the Covered (Gargoyle Fighter)               Turns: 2139, Time: 00:03:39

Health: -16/44     AC: 12    Str: 18 (21) XL:     7   Next: 0%
Magic:  16/16      EV:  7    Int:  6 (9)  God:    Okawaru [*.....]
Gold:   56         SH:  8    Dex:  6 (9)  Spells: 6/6 levels left

rFire    + . .     SeeInvis .   a - +0 long sword
rCold    . . .     Gourm    .   c - +0 shield
rNeg     + . .     Faith    .   b - +0 scale mail
rPois    ∞         Spirit   .   (no helmet)
rElec    +         Reflect  .   (no cloak)
rCorr    .         Harm     .   (no gloves)
MR       .....                  (no boots)
Stlth    ..........             (no amulet)
HPRegen  0.14/turn              e - ring of magical power
MPRegen  0.15/turn              n - ring of protection from fire

@: slightly contaminated, invisible
A: negative energy resistance 1, electricity resistance, unbreathing,
petrification resistance, rot immunity, AC +4
a: Heroism, Renounce Religion


You were on level 2 of the Dungeon.
You worshipped Okawaru.
Okawaru was aware of your devotion.
You were not hungry.

You visited 1 branch of the dungeon, and saw 3 of its levels.

You collected 56 gold pieces.

Inventory:

Hand Weapons
 a - a +0 long sword (weapon)
Armour
 b - a +0 scale mail (worn)
 c - a +0 shield (worn)
Jewellery
 e - a ring of magical power (left hand)
 n - a ring of protection from fire (right hand)
Scrolls
 h - a scroll of random uselessness {unknown}
 i - a scroll of amnesia {unknown}
 k - a scroll of teleportation {unknown}
 m - a scroll of enchant weapon
Potions
 g - a potion of flight
 j - a potion of degeneration
 l - a potion of mutation
 o - a potion of brilliance
Comestibles
 d - a chunk of flesh
 f - a ration


   Skills:
 + Level 4.5 Fighting
 * Level 4.0 Long Blades
 * Level 5.4 Armour
 + Level 2.1 Dodging
 - Level 3.2 Shields


You had 6 spell levels left.
You didn't know any spells.
Your spell library was empty.

Dungeon Overview and Level Annotations

Branches:
Dungeon (3/15)

Altars:
Hepliaklqana
Okawaru

Annotations:
D:2 Crazy Yiuf


Innate Abilities, Weirdness & Mutations

You are resistant to torment.
Your stone body is resilient. (AC +4)
You are immune to poison.
You resist negative energy. (rN+)
You are resistant to electric shocks. (rElec)
You can survive without breathing.
You are immune to petrification.
You are immune to rotting.


Message History

You fade further into invisibility.
You are lightly contaminated with residual magic.
You hit something. Something hits you. Something freezes you.
Something hits you.
Your shield prevents you from hitting something.
You block something's attack.
You closely miss something. Something hits you.
* * * LOW HITPOINT WARNING * * *
Something burns you.
* * * LOW HITPOINT WARNING * * *
You miss something. Something hits you.
* * * LOW HITPOINT WARNING * * *
Something freezes you.
* * * LOW HITPOINT WARNING * * *
It was a potion of degeneration.
There was something very wrong with that liquid.
You feel weakened.
You feel dopey.
You feel clumsy. Something hits you but does no damage.
Space warps horribly around you!!
Ouch! That really hurt!
You die...

#.#......####....#
#.#......# #....#
###.##.....#
♣....♣
...........#
♣♣...♣
...<.......# ♣♣.♣♣
.##.#......# ♣♣.♣
....#......# ♣.♣♣
....#......# ♣♣.♣
#...#......# ♣@♣♣
##..##.....# #{#
##.####....# ...
#..# ###### #...#
#.## #)..# ..#
##### .## .# .#


There were no monsters in sight!

Vanquished Creatures
  A hippogriff (D:2)
  Sigmund (D:2)
  4 adders (D:2)
  2 worms (D:2)
  4 dart slugs
  2 leopard geckos
  2 bats (D:1)
  A giant cockroach (D:2)
  7 goblins
  4 hobgoblins (D:1)
  7 jackals (D:1)
  6 kobolds
  A ball python (D:2)
  A frilled lizard (D:1)
  5 rats
48 creatures vanquished.

Notes
Turn   | Place    | Note
-------+----------+-------------------------------------------
     0 | D:1      | Borgoz the Gargoyle Fighter began the quest for the Orb.
     0 | D:1      | Reached XP level 1. HP: 14/14 MP: 1/1
    79 | D:1      | Reached XP level 2. HP: 6/19 MP: 2/2
   566 | D:1      | Reached XP level 3. HP: 23/23 MP: 3/3
   998 | D:2      | Reached skill level 4 in Armour
   998 | D:2      | Reached skill level 1 in Dodging
   998 | D:2      | Reached XP level 4. HP: 20/28 MP: 4/4
  1504 | D:2      | Found a hazy altar of Hepliaklqana.
  1614 | D:2      | Noticed a hippogriff
  1617 | D:2      | Found an iron altar of Okawaru.
  1624 | D:2      | Killed a hippogriff
  1624 | D:2      | Reached skill level 5 in Armour
  1624 | D:2      | Reached XP level 5. HP: 15/33 MP: 5/5
  1624 | D:2      | Reached XP level 6. HP: 17/38 MP: 6/6
  1635 | D:2      | Became a worshipper of Warmaster Okawaru
  1850 | D:2      | Noticed Sigmund
  1890 | D:2      | Killed Sigmund
  1919 | D:2      | Found a runed translucent door.
  1920 | D:2      | Noticed Crazy Yiuf
  1975 | D:2      | Reached * piety under Okawaru
  1975 | D:2      | Reached XP level 7. HP: 44/44 MP: 7/7
  2128 | D:2      | Paralysed by something for 6 turns
  2139 | D:2      | Demolished by Crazy Yiuf

Levels and vault maps discovered:
D:1:      dpeg_arrival_more_subterranean_lakeside_camping, layout_basic
D:2:      layout_rooms, nicolae_overflow_crystal_walls, minmay_misc_feat_doors,
          minmay_misc_feat_secret_circle, kennysheep_okawaru_gauntlet,
          uniq_crazy_yiuf_cottage, uniq_sigmund
D:3:      layout_basic, nicolae_tso_carved_into_rock, dk_vineyard_1

Skill      XL: |  1  2  3  4  5  6 |
---------------+-------------------+-----
Long Blades    | 2 3 4 |  4.0
Armour         | 4 5 |  5.4
Dodging        | 1 2 |  2.1
Fighting       | 4 |  4.5
Shields        | |  3.2

Action                   |  1- 3 |  4- 6 |  7- 9 || total
-------------------------+-------+-------+-------++-------
Melee: Long sword        |   100 |   106 |     8 ||   214
  Use: Potion            |       |     3 |     1 ||     4
       Scroll            |       |     3 |       ||     3
  Eat: Chunk             |       |     4 |       ||     4
Armor: Scale mail        |    61 |    57 |     3 ||   121
Dodge: Dodged            |    40 |    28 |     1 ||    69
Block: Shield            |    62 |    52 |     1 ||   115
       Rpst.: Long sword |    10 |     4 |       ||    14

Table legend:
 A = Non-vault XP
 B = Vault XP
 C = Vault XP percentage of total XP
 D = Non-vault monster count
 E = Vault monster count
 F = Vault count percentage of total count
                 A         B        C        D         E       F
            +---------+---------+-------+---------+---------+-------
      Total |     391 |     231 |  37.1 |      47 |       1 |   2.1
            +---------+---------+-------+---------+---------+-------
        D:1 |      49 |       0 |   0.0 |      25 |       0 |   0.0
        D:2 |     342 |     231 |  40.3 |      22 |       1 |   4.3
            +---------+---------+-------+---------+---------+-------
